 Dungeon Crawl Stone Soup version 0.30.0-5-g1a98f26d00 (webtiles) character file.

Game seed: 7635305728430449932

19 GigaChad the Shield-Bearer (level 2, -6/24 HPs)
             Began as a Formicid Fighter on May 12, 2023.
             Mangled by Sigmund
             ... wielding a +0 scythe
              (8 damage)
             ... on level 2 of the Dungeon.
             The game lasted 00:00:59 (737 turns).

GigaChad the Shield-Bearer (Formicid Fighter)        Turns: 737, Time: 00:01:00

Health: -6/24      AC: 16    Str: 20    XL:     2   Next: 95%
Magic:  2/2        EV:  7    Int:  7    God:
Gold:   36         SH:  5    Dex: 13    Spells: 1/1 levels left

rFire   . . .        a - +0 war axe (protect)
rCold   . . .        c - +0 buckler
rNeg    . . .        l - +0 chain mail
rPois   .            (helmet unavailable)
rElec   .            (no cloak)
rCorr   .            (no gloves)
SInv    +            (no boots)
Will    .....        (no amulet) Stlth
                     (no ring)
HPRegen 0.24/turn    (no ring)
MPRegen 0.08/turn

%: no passive effects
@: under a protective aura
A: permanent stasis, dig shafts and tunnels, antennae 3, four strong arms
a: Dig, Shaft Self


You were on level 2 of the Dungeon.
You visited 1 branch of the dungeon, and saw 2 of its levels.

You collected 36 gold pieces.

Inventory:

Hand Weapons
 a - a +0 war axe of protection (weapon)
Armour
 b - a +0 scale mail
 c - a +0 buckler (worn)
 l - a +0 chain mail (worn)
Jewellery
 k - an amulet of magic regeneration
Scrolls
 f - 2 scrolls of identify
Potions
 d - a potion of might
 e - a potion of heal wounds {unknown}
 g - a potion of cancellation {unknown}
 h - a potion of flight {unknown}
 j - a potion of curing {unknown}


   Skills:
 + Level 3.4 Fighting
 + Level 2.2 Axes
 + Level 3.7 Armour
 + Level 4.4 Shields


You had one spell level left.
You didn't know any spells.
Your spell library contained the following spells:

 Spells                   Type           Power      Damage    Failure   Level
 Beastly Appendage        Tmut           0%         N/A       99%         1
 Wereblood                Tmut           0%         N/A       100%        2
 Hailstorm                Conj/Ice       0%         3d3       100%        3
 Spider Form              Tmut/Pois      0%         N/A       100%        3
 Arcjolt                  Conj/Air       0%         1d10      100%        5
 Orb of Destruction       Conj           0%         9d5       100%        7


Dungeon Overview and Level Annotations

Branches:
Dungeon (2/15)

Altars:

Shops:
D:1 [

Annotations:
D:2 Sigmund


Innate Abilities, Weirdness & Mutations

You cannot be hasted, slowed, berserked, paralysed or teleported.
You can dig through walls and to a lower floor.
You have a pair of large antennae on your head. (SInv)
Your four strong arms can wield two-handed weapons with a shield.


Message History

Sigmund gestures at you while chanting. You resist with significant effort.
Sigmund hits you from afar with a +0 scythe.
You hit Sigmund but do no damage.
Your weapon exudes an aura of protection.
Sigmund gestures at you while chanting. The puff of flame hits you!
Sigmund hits you but does no damage.
You are too injured to fight recklessly!
You are too injured to fight recklessly!
You are too injured to fight recklessly!
You are too injured to fight recklessly!
You are too injured to fight recklessly!
You are too injured to fight recklessly!
You are too injured to fight recklessly!
You are too injured to fight recklessly!
You are too injured to fight recklessly!
You are too injured to fight recklessly!
You are too injured to fight recklessly!
You are too injured to fight recklessly!
Unknown command.
You barely miss Sigmund. You block Sigmund's attack.
Unknown command.
You barely miss Sigmund.
Unknown command.
You barely miss Sigmund. Sigmund hits you with a +0 scythe!
* * * LOW HITPOINT WARNING * * *
You hit Sigmund but do no damage.
Your weapon exudes an aura of protection.
Sigmund giggles. "Time to reap what you sow."
Sigmund hits you with a +0 scythe.
* * * LOW HITPOINT WARNING * * *
Unknown command.
You hit Sigmund.
Sigmund is lightly wounded.
Sigmund barely misses you.
Unknown command.
You hit Sigmund.
Sigmund is moderately wounded.
Sigmund hits you with a +0 scythe!
You die...

#.#........†........
#####.#.##.............#
.............#.#..<....#
.####.#.##.#.#.#........
# #.##.#.#.#........
#.##.#.#.###...... #
#.##.#...# #...#.#
#.#.##.##### #..####
#..@....... ...#
.......@...#### #.##
#######.#### #.. ###


You could see Sigmund.

Vanquished Creatures
  A worm (D:2)
  3 bats (D:1)
  An endoplasm (D:1)
  3 goblins (D:1)
  A hobgoblin (D:2)
  A quokka (D:1)
  3 ball pythons (D:1)
  A frilled lizard (D:1)
  A rat (D:1)
15 creatures vanquished.

Notes
Turn   | Place    | Note
-------+----------+-------------------------------------------
     0 | D:1      | GigaChad the Formicid Fighter began the quest for the Orb.
     0 | D:1      | Reached XP level 1. HP: 18/18 MP: 1/1
    81 | D:1      | Got the Codex of the Impact
   151 | D:1      | Found Fohesoonwu's Armour Shoppe.
   183 | D:1      | Reached XP level 2. HP: 22/24 MP: 2/2
   726 | D:2      | Noticed Sigmund
   735 | D:2      | HP: 1/24 [Sigmund/+0 scythe (1)]
   737 | D:2      | Mangled by Sigmund

Illustrated notes

Levels and vault maps discovered:
D:1:      dpeg_arrival_stone_temple_mockup, layout_basic, serial_shops,
          nicolae_shop_behind_doors, due_unseen_surprise
D:2:      layout_loops_ring, shapermc_ecumenical_altar_flowoftime, basic_altar,
          minivault_24, uniq_sigmund

Action                     || total
---------------------------++-------
  Melee: War axe           ||    53
    Use: Scroll            ||     3
 Armour: Scale mail        ||    23
         Chain mail        ||     4
  Dodge: Dodged            ||    20
  Block: Buckler           ||    22
